 Dungeon Crawl Stone Soup version 0.31-a0-1388-g4b2ba238e7 (webtiles) character file.

Game seed: 1346697446543364011

58 drugrobin the Sneak (level 3, 0/30 HPs)
             Began as a Demigod Delver on Dec 24, 2023.
             Succumbed to Jessica's poison
             ... on level 2 of the Dungeon.
             The game lasted 00:03:42 (1435 turns).

drugrobin the Sneak (Demigod Delver)                Turns: 1435, Time: 00:03:43

Health: 0/30       AC: 10    Str: 17    XL:     3   Next: 51%
Magic:  7/9        EV:  8    Int: 12    God:
Gold:   43         SH:  0    Dex: 15    Spells: 6/6 levels left

rFire   . . .        a - +0 mace
rCold   . . .        (no shield)
rNeg    . . .        u - +0 chain mail
rPois   .            (no helmet)
rElec   .            (no cloak)
rCorr   .            o - +0 pair of gloves
SInv    .            y - +0 pair of boots
Will    .....        (no amulet) Stlth
                     (no ring)
HPRegen 0.25/turn    (no ring)
MPRegen 0.11/turn

%: no passive effects
@: lethally poisoned (0 -> -4)
A: high MP 1, forlorn, divine attributes
a: no special abilities


You were on level 2 of the Dungeon.
You visited 1 branch of the dungeon, and saw 5 of its levels.

You collected 43 gold pieces.

Inventory:

Hand Weapons
 a - a +0 mace (weapon)
 A - a +0 dagger of venom
Missiles
 z - 3 atropa-tipped darts
Armour
 b - a +0 leather armour
 i - a +0 scale mail
 o - a +0 pair of gloves (worn)
 u - a +0 chain mail (worn)
 y - a +0 pair of boots (worn)
Jewellery
 r - an amulet of reflection
Talismans
 k - a beast talisman
Wands
 g - a wand of digging (3)
Scrolls
 c - 2 scrolls of fog
 d - a scroll of revelation
 e - 2 scrolls of fear
 h - a scroll of brand weapon {unknown}
 n - a scroll of vulnerability {unknown}
 q - a scroll of teleportation {unknown}
 t - 2 scrolls of blinking {unknown}
 w - 2 scrolls of identify {unknown}
Potions
 f - a potion of haste
 j - 2 potions of enlightenment {unknown}
 l - a potion of might {unknown}
 m - a potion of heal wounds {unknown}
 p - 2 potions of curing {unknown}
 s - a potion of degeneration {unknown}
 v - a potion of resistance {unknown}
 x - a potion of cancellation {unknown}


   Skills:
 - Level 2.6 Fighting
 - Level 2.5 Maces & Flails
 - Level 1.7 Dodging
 - Level 4.5 Stealth
 + Level 2.2 Spellcasting


You had 6 spell levels left.
You didn't know any spells.
Your spell library contained the following spells:

 Spells                   Type           Power      Damage    Failure   Level
 Dazzling Flash           Conj/Hex       2%         N/A       100%        3
 Mephitic Cloud           Conj/Alch/Air  1%         N/A       100%        3
 Stone Arrow              Conj/Erth      2%         3d7       100%        3
 Animate Armour           Summ/Erth      2%         N/A       100%        4
 Agony                    Necr           1%         N/A       100%        5
 Silence                  Hex/Air        0%         N/A       100%        5
 Lehudib's Crystal Spear  Conj/Erth      0%         10d2      100%        8


Dungeon Overview and Level Annotations

Branches:
Dungeon (5/15)
 Temple: D:4-7

Shops:
D:1 :

Annotations:
D:3 exclusion: adder, Sigmund
D:4 exclusions: black bear, hound and scorpion


Innate Abilities, Weirdness & Mutations

You have an increased reservoir of magic. (+10% MP)
You shall have no god before yourself.
Your divine heritage dramatically boosts your attributes as you level up.


Message History

Jessica hits you with a +0 dagger of venom.
You are lethally poisoned!
You hit Jessica.
You kill Jessica!
You feel very sick.
Your Spellcasting skill increases to level 2!
You have reached level 3!
Your experience leads to a dramatic increase in your attributes!
Increase (S)trength, (I)ntelligence, or (D)exterity?
You feel stronger. x4
Unknown command.
There is a lethal amount of poison in your body!
There is a lethal amount of poison in your body!
There is a lethal amount of poison in your body!
You feel very sick.
Items here: ( ) [ †.
Unknown command.
Unknown command.
A - a +0 dagger of venom;
z - 3 atropa-tipped darts (gained 1)
* * * LOW HITPOINT WARNING * * *
You feel very sick.
* * * LOW HITPOINT WARNING * * *
You feel very sick.
* * * LOW HITPOINT WARNING * * *
You feel sick.
There is a stone staircase leading up here.
There is a lethal amount of poison in your body!
Unknown command.
* * * LOW HITPOINT WARNING * * *
You feel sick.
Unknown command.
Unknown command.
* * * LOW HITPOINT WARNING * * *
You feel sick.
Unknown command.
Unknown command.
Unknown command.
Unknown command.
Okay, then.
You die...

#........#
#........########
##.##...........#
#.##...........#
#.##...........# #.
#...........#
#...........# ##
#......[....# .#
+........@..######
.#######................#
.........................
.####.#.###########.....#
.# #.#.# .....# .# #.#.#
....# .# #.#.# ....# +#
#.#)# ...# #.#.# ...#


There were no monsters in sight!

Vanquished Creatures
  Jessica (D:2)
  2 dart slugs
  6 ball pythons
  A bat (D:1)
  2 endoplasms (D:1)
  A giant cockroach (D:4)
  5 goblins
  3 hobgoblins
  A frilled lizard (D:1)
  2 kobolds
  2 rats
26 creatures vanquished.

Notes
Turn   | Place    | Note
-------+----------+-------------------------------------------
     0 | D:5      | drugrobin the Demigod Delver began the quest for the Orb.
     0 | D:5      | Reached XP level 1. HP: 18/18 MP: 3/3
    26 | D:5      | Noticed a scorpion
    35 | D:4      | Noticed a hound
    47 | D:4      | Noticed a scorpion
   180 | D:4      | Noticed a black bear
   211 | D:3      | Noticed Sigmund
   650 | D:1      | Found Causetz's Book Emporium.
   683 | D:1      | Reached XP level 2. HP: 25/25 MP: 4/4
   887 | D:1      | Reached skill level 1 in Spellcasting
  1199 | D:2      | Noticed Jessica
  1428 | D:2      | Killed Jessica
  1429 | D:2      | Reached XP level 3. HP: 13/30 MP: 7/9
  1434 | D:2      | HP: 1/30 [poisoned by Jessica]
  1435 | D:2      | Succumbed to Jessica's poison

Illustrated notes

Levels and vault maps discovered:
D:1:      orjb1_clovarrival, layout_rooms, serial_shops,
          nicolae_book_shop_shelving
D:2:      layout_basic, hellmonk_ecumenical_altar_arch_garden, uniq_terence,
          uniq_jessica
D:3:      minmay_wonky_spiral, layout_loops_ring,
          nicolae_dithmenos_the_darkroom, mainiacjoe_overflow_boulevard,
          vehumet_crystals, grunt_ministairs_9, moated_statue,
          kennysheep_generic_room_10, uniq_sigmund
D:4:      layout_cave_pods, mainiacjoe_overflow_six_doors_small, serial_shops,
          shop_fountains
D:5:      gammafunk_wand_slinger, layout_basic, minmay_temple_entry_tees

Skill      XL: |  1  2 |
---------------+-------+-----
Maces & Flails | 2 |  2.5
Spellcasting   | 2 |  2.2
Fighting       | |  2.6
Dodging        | |  1.7
Stealth        | |  4.5

Action                     || total
---------------------------++-------
  Melee: Mace              ||    57
  Throw: Dart              ||     1
   Stab: Sleeping          ||     4
 Armour: Scale mail        ||    13
         Leather armour    ||     2
         Chain mail        ||    24
  Dodge: Dodged            ||    18

Table legend: (Time is in decaauts)
 A = Elapsed time spent in this place.
 B = Non-inter-level travel time spent in this place.
 C = Inter-level travel time spent in this place.
 D = Time resting spent in this place.
 E = Time spent auto-exploring this place.
 F = Levels seen in this place.
 G = Mean time per level.
                   A        B        C        D        E       F      G
               +--------+--------+--------+--------+--------+-----+--------+
         Total |   1462 |   1359 |    103 |    165 |    727 |   5 |  292.4 |
       Dungeon |   1462 |   1359 |    103 |    165 |    727 |   5 |  292.4 |
               +--------+--------+--------+--------+--------+-----+--------+

Top non-repeatable levels by time:
     D:1: 706 daAuts
     D:2: 380 daAuts
     D:3: 172 daAuts
     D:4: 168 daAuts
     D:5: 35 daAuts
